AoeStats
← levihomieg

Hideout

503072608Analyzed
2v2 RM · 1mo ago on Aug 30, 2026· 14m 22s· 4 players
Game mode
Random Map
Map size
Medium (4 player)
Population
200
Speed
Normal
Resources
Low
Victory
Standard
Starting age
Dark Age
Ending age
Imperial Age
RankedLock teamsTeams togetherTeam positionsShared explorationLock speedFull tech treeHidden civsTurbo modeCheats
Victory
Defeat
🇺🇸 Bulgarians · United States
856
+27
🇺🇸 Mongols · United States
851
+53
🇨🇳 Tatars · China
929
-19
🇨🇳 Bengalis · China
910
-19
doctorxiao2006
0:40 Loom
10:57 Feudal Age
11:55 Double-Bit Axe
12:48 Wheelbarrow
鑫鑫大爷
3:07 Loom
11:49 Feudal Age
13:01 Double-Bit Axe
levihomieg
12:33 Feudal Age
11:47 Loom
14:42 Wheelbarrow
13:53 Town Watch
Squidword
15:22 Feudal Age
Connection lost

Rejoining the realm…

Still unreachable

The connection could not be restored.

Session expired

The server has moved on; the page needs a fresh start.